 Dungeon Crawl Stone Soup version 0.21.1-1-g345015f (webtiles) character file.

80 GreamJoe the Ruffian (level 4, 0/41 HPs)
             Began as a Minotaur Berserker on Feb 14, 2018.
             Was a Believer of Trog.
             Shot with an arrow by a centaur (14 damage)
             ... on level 3 of the Dungeon.
             The game lasted 00:08:13 (1966 turns).

GreamJoe the Ruffian (Minotaur Berserker)           Turns: 1966, Time: 00:08:14

Health: 0/41       AC:  2    Str: 23    XL:     4   Next: 18%
Magic:  3/3        EV: 12    Int:  4    God:    Trog [**....]
Gold:   97         SH:  0    Dex:  9    Spells: 3/3 levels left

rFire    . . .     SeeInvis .     - Unarmed
rCold    . . .     Gourm    .   (no shield)
rNeg     . . .     Faith    .   a - +0 animal skin
rPois    .         Spirit   .   (helmet restricted)
rElec    .         Reflect  .   (no cloak)
rCorr    .         Harm     .   (no gloves)
MR       .....                  (no boots)
Stlth    +.........             (no amulet)
HPRegen  0.13/turn              (no ring)
MPRegen  0.08/turn              (no ring)

@: no status effects
A: retaliatory headbutt, horns 2
a: Berserk, Trog's Hand, Burn Spellbooks, Renounce Religion


You were on level 3 of the Dungeon.
You worshipped Trog.
Trog was pleased with you.
You were not hungry.

You visited 1 branch of the dungeon, and saw 3 of its levels.

You collected 97 gold pieces.

Inventory:

Missiles
 i - 8 javelins (quivered)
Armour
 a - a +0 animal skin (worn)
 n - a +0 robe
Jewellery
 d - a cursed ring of loudness {unknown}
Scrolls
 f - a scroll of enchant weapon {unknown}
 g - a scroll of magic mapping {unknown}
 k - 2 scrolls of blinking {unknown}
 l - a scroll of fear {unknown}
 m - a scroll of teleportation {unknown}
Potions
 c - a potion of cancellation {unknown}
 e - a potion of degeneration {unknown}
 h - 3 potions of curing {unknown}
 j - a potion of berserk rage {unknown}
Comestibles
 b - 5 rations


   Skills:
 + Level 4.4 Fighting
 * Level 2.9 Armour
 - Level 2.3 Dodging
 * Level 4.8 Unarmed Combat


You had 3 spell levels left.
You didn't know any spells.

Dungeon Overview and Level Annotations

Branches:
Dungeon (3/15)

Altars:
Elyvilon
Sif Muna

Annotations:
D:3 Grinder


Innate Abilities, Weirdness & Mutations

You reflexively headbutt those who attack you in melee.
You have a pair of horns on your head.


Message History

The jackal bites you. The jackal barely misses you. You furiously retaliate!
You headbutt the jackal!
You kill the jackal!
Trog accepts your kill.
Found 10 gold pieces.
You now have 97 gold pieces (gained 10).
k - 2 scrolls labeled ESMUELAESE (gained 1)
A centaur comes into view.
The centaur shouts!
The centaur wields a shortbow.
The centaur shoots an arrow.
The arrow closely misses you.
You see here an arrow.
The centaur shoots an arrow.
The arrow hits you!
The centaur shoots an arrow.
The arrow hits you!
You see here 2 arrows.
You are too injured to fight recklessly!
You are too injured to fight recklessly!
The centaur shoots an arrow.
The arrow misses you.
The centaur shoots an arrow.
The arrow hits you!
You die...

##### #...# #########
#(..## #.......# #.....
#.......# #.....
#.......## #.....
#........# #######.....
#.......(#####.......#...
........@(...............
#........#####.......#...
#..c....## #.......####
#.......# #########
..####### ######### .
##########........
..................
##########........
#........


You could see a centaur.

Vanquished Creatures
  Jessica (D:3)
  An ooze (D:1)
  A worm (D:2)
  A dart slug (D:1)
  2 leopard geckos
  4 bats
  A giant cockroach (D:2)
  4 goblins
  4 hobgoblins
  2 jackals (D:3)
  A quokka (D:3)
  A ball python (D:2)
  4 frilled lizards
  8 kobolds
  7 rats
42 creatures vanquished.

Notes
Turn   | Place    | Note
-------+----------+-------------------------------------------
     0 | D:1      | GreamJoe the Minotaur Berserker began the quest for the Orb.
     0 | D:1      | Reached XP level 1. HP: 19/19 MP: 0/0
   216 | D:1      | Reached XP level 2. HP: 27/27 MP: 1/1
   951 | D:1      | You fall through a shaft!
   974 | D:2      | Reached XP level 3. HP: 31/33 MP: 2/2
   984 | D:2      | Reached ** piety under Trog
  1256 | D:2      | Found a deep blue altar of Sif Muna.
  1741 | D:3      | Noticed Jessica
  1746 | D:3      | Found a white marble altar of Elyvilon.
  1760 | D:3      | Killed Jessica
  1760 | D:3      | Reached XP level 4. HP: 22/41 MP: 3/3
  1855 | D:3      | Noticed Grinder
  1963 | D:3      | Noticed a centaur
  1966 | D:3      | Shot with an arrow by a centaur

Skill      XL: |  1  2 |
---------------+-------+-----
Fighting       | 4 |  4.4
Unarmed Combat | 4 |  4.8
Armour         | |  2.9
Dodging        | |  2.3

Action                   |  1- 3 |  4- 6 || total
-------------------------+-------+-------++-------
Melee: Unarmed           |    96 |     3 ||    99
       Headbutt          |    11 |       ||    11
       Punch             |     2 |       ||     2
  Eat: Ration            |     1 |       ||     1
Armor: Animal skin       |    17 |       ||    17
Dodge: Dodged            |    65 |     3 ||    68
